 Dungeon Crawl Stone Soup version 0.31-a0-728-g01b46875f1 (webtiles) character file.

Game seed: 5432865363133164391

225 Newt the Trooper (level 6, -1/40 HPs)
             Began as a Gargoyle Fighter on Sept 11, 2023.
             Constricted to death by Ijyb (6 damage)
             ... on level 3 of the Dungeon.
             The game lasted 00:02:52 (2597 turns).

Newt the Trooper (Gargoyle Fighter)                 Turns: 2597, Time: 00:02:53

Health: -1/40      AC: 11    Str: 21    XL:     6   Next: 1%
Magic:  6/6        EV:  5    Int:  9    God:
Gold:   101        SH:  7    Dex:  9    Spells: 5/5 levels left

rFire   . . .        e - +2 whip (venom)
rCold   . . .        l - +0 kite shield
rNeg    + . .        b - +0 scale mail
rPois   ∞            (no helmet)
rElec   +            (no cloak)
rCorr   .            (no gloves)
SInv    +            (no boots)
Will    .....        (no amulet) Stlth
                     j - ring of see invisible
HPRegen 0.26/turn    (no ring)
MPRegen 0.10/turn

%: no passive effects
@: grasped by roots, constricted
A: sickness immunity, AC +4, negative energy resistance 1, electricity
resistance, torment resistance 1, petrification resistance
a: no special abilities


You were on level 3 of the Dungeon.
You visited 1 branch of the dungeon, and saw 3 of its levels.

You collected 101 gold pieces.

Inventory:

Hand Weapons
 a - a +0 flail
 e - a +2 whip of venom (weapon)
Missiles
 d - 10 poisoned darts
 f - 3 javelins
Armour
 b - a +0 scale mail (worn)
 c - a +0 buckler
 l - a +0 kite shield (worn)
Jewellery
 j - a ring of see invisible (left hand)
Scrolls
 g - 2 scrolls of identify
 i - a scroll of amnesia
 k - a scroll of vulnerability {unknown}
Potions
 h - 2 potions of brilliance
 m - a potion of lignification {unknown}


   Skills:
 - Level 5.0 Fighting
 - Level 5.0 Maces & Flails
 + Level 3.3 Armour
 - Level 3.2 Shields


You had 5 spell levels left.
You didn't know any spells.
Your spell library contained the following spells:

 Spells                   Type           Power      Damage    Failure   Level
 Slow                     Hex            0%         N/A       95%         1
 Blink                    Tloc           0%         N/A       98%         2
 Confusing Touch          Hex            0%         N/A       100%        3
 Gell's Gravitas          Tloc           0%         N/A       100%        3
 Sigil of Binding         Hex            0%         N/A       100%        3
 Teleport Other           Tloc           0%         N/A       100%        3
 Vampiric Draining        Necr           0%         2d6       100%        3
 Manifold Assault         Tloc           0%         N/A       100%        4
 Dispersal                Tloc           0%         N/A       100%        6


Dungeon Overview and Level Annotations

Branches:
Dungeon (3/15)

Altars:

Annotations:
D:3 Ijyb


Innate Abilities, Weirdness & Mutations

You are immune to sickness and miasma.
Your stone body is resilient. (AC +4)
You are immune to poison.
You resist negative energy. (rN+)
You are resistant to electric shocks. (rElec)
You are resistant to unholy torment.
You are immune to petrification.


Message History

You block Ijyb's attack.
You closely miss Ijyb.
Ijyb is lightly wounded.
Ijyb hits you but does no damage.
You hit Ijyb.
Ijyb is moderately wounded.
You barely miss Ijyb.
Ijyb is moderately wounded.
Ijyb zaps a wand.
The roots erupt in riotous growth!
The grasping roots grab you!
Ijyb is unaffected.
The grasping roots constrict you.
Unknown command.
You closely miss Ijyb.
Ijyb is moderately wounded.
Ijyb hits you but does no damage. The grasping roots constrict you.
Unknown command.
You hit Ijyb.
Ijyb is poisoned.
Ijyb is moderately wounded.
Ijyb hits you with a +0 club. The grasping roots constrict you.
Unknown command.
You barely miss Ijyb.
Ijyb is heavily wounded.
Ijyb hits you with a +0 club.
* * * LOW HITPOINT WARNING * * *
The grasping roots constrict you.
The grasping roots release their grip on you.
Unknown command.
Okay, then.
Okay, then.
You hit Ijyb but do no damage.
Ijyb looks as sick as possible!
Ijyb is severely wounded.
Ijyb screams, "No!
No, no, no, no!"
Ijyb zaps a wand.
The roots erupt in riotous growth!
The grasping roots grab you!
Ijyb is unaffected.
The grasping roots constrict you.
* * * LOW HITPOINT WARNING * * *
Ijyb hits you with a +0 club.
* * * LOW HITPOINT WARNING * * *
The grasping roots constrict you.
You die...

#............# #...#
#...........#.#
#.###
#...)....#...##....
#.#
###......#...##..##
#.# #.....###.###..#
#.# #...### #.. #..#
#.# #... #.##..# #.#
#... #g.# #.#
#.@###########.#
#..............#
........############
........# #########


You could see Ijyb (extremely poisoned).

Vanquished Creatures
  An orc priest (D:1)
  3 orc wizards
  A gnoll (D:1)
  A worm (D:3)
  4 dart slugs
  16 orcs
  5 endoplasms
  2 giant cockroaches
  11 goblins
  4 hobgoblins
  4 jackals
  7 kobolds
  3 quokkas (D:1)
  5 ball pythons
  8 bats
  2 frilled lizards (D:1)
  9 rats
86 creatures vanquished.

Notes
Turn   | Place    | Note
-------+----------+-------------------------------------------
     0 | D:1      | Newt the Gargoyle Fighter began the quest for the Orb.
     0 | D:1      | Reached XP level 1. HP: 14/14 MP: 1/1
   130 | D:1      | Reached XP level 2. HP: 20/20 MP: 2/2
   352 | D:1      | Reached XP level 3. HP: 17/24 MP: 3/3
   638 | D:1      | Reached skill level 5 in Fighting
   963 | D:2      | Reached XP level 4. HP: 25/31 MP: 4/4
  1420 | D:1      | Reached XP level 5. HP: 24/35 MP: 5/5
  2389 | D:3      | Reached XP level 6. HP: 35/40 MP: 6/6
  2395 | D:3      | Reached skill level 5 in Maces & Flails
  2583 | D:3      | Noticed Ijyb
  2597 | D:3      | Constricted to death by Ijyb

Illustrated notes

Levels and vault maps discovered:
D:1:      saegor_arrival_under_anarchy, layout_basic, minmay_rat_gold_closets
D:2:      cheibrodos_pilgrimage, layout_rooms
D:3:      corexii_shack_village, layout_loops_ring, uniq_ijyb

Skill      XL: |  1  2  3  4  5  6 |
---------------+-------------------+-----
Fighting       | 4 5 |  5.0
Maces & Flails | 3 4 5 |  5.0
Armour         | |  3.3
Shields        | |  3.2

Action                     |  1- 3 |  4- 6 || total
---------------------------+-------+-------++-------
  Melee: Flail             |    84 |       ||    84
         Whip              |    33 |   137 ||   170
    Use: Potion            |     1 |       ||     1
         Scroll            |     1 |     2 ||     3
 Armour: Scale mail        |    72 |   103 ||   175
  Dodge: Dodged            |    50 |    37 ||    87
  Block: Buckler           |    11 |    20 ||    31
         Kite shield       |       |     2 ||     2

Table legend: (Time is in decaauts)
 A = Elapsed time spent in this place.
 B = Non-inter-level travel time spent in this place.
 C = Inter-level travel time spent in this place.
 D = Time resting spent in this place.
 E = Time spent auto-exploring this place.
 F = Levels seen in this place.
 G = Mean time per level.
                   A        B        C        D        E       F      G
               +--------+--------+--------+--------+--------+-----+--------+
         Total |   2617 |   2556 |     61 |    718 |   1286 |   3 |  872.3 |
       Dungeon |   2617 |   2556 |     61 |    718 |   1286 |   3 |  872.3 |
               +--------+--------+--------+--------+--------+-----+--------+

Top non-repeatable levels by time:
     D:1: 1388 daAuts
     D:3: 701 daAuts
     D:2: 526 daAuts
